 Dungeon Crawl Stone Soup version 0.30.0-15-g856e2d3f33 (console) character file.

Game seed: 3096402493825938062

2678 Mandevil the Fighter (level 9, 0/102 HPs)
             Began as an Ogre Fighter on May 18, 2023.
             Was an Initiate of Cheibriados.
             Slain by Joseph
             ... wielding a +5 heavy quarterstaff
              (10 damage)
             ... on level 7 of the Dungeon.
             The game lasted 00:10:10 (5974 turns).

Mandevil the Fighter (Ogre Fighter)                 Turns: 5974, Time: 00:10:11

Health: 0/102      AC:  9    Str: 27 (29) XL:     9   Next: 64%
Magic:  9/9        EV:  9    Int:  9 (10) God:    Cheibriados [......]
Gold:   337        SH:  0    Dex: 13 (15) Spells: 8/8 levels left

rFire   . . .        a - +3 morningstar {flame, rC+ Will+ Str+2}
rCold   + . .        (no shield)
rNeg    + . .        z - +0 swamp dragon scales
rPois   +            (helmet restricted)
rElec   .            C - +0 cloak
rCorr   .            (gloves unavailable)
SInv    .            (boots unavailable)
Will    +....        (no amulet)
Stlth   +            y - +6 ring of dexterity
HPRegen 0.37/turn    A - ring of positive energy
MPRegen 0.11/turn

%: no passive effects
@: hasted, quick
A: large, unfitting armour, tough skin 1
a: Renounce Religion


You were on level 7 of the Dungeon.
You worshipped Cheibriados.
Cheibriados was noncommittal.
You visited 2 branches of the dungeon, and saw 8 of its levels.

You collected 337 gold pieces.

Inventory:

Hand Weapons
 a - the +3 morningstar "Joukoergh" (weapon) {flame, rC+ Will+ Str+2}
   (You acquired it on level 2 of the Dungeon)

   Str:       It affects your strength (+2).
   rC:        It protects you from cold.
   Will:      It increases your willpower.
 b - a +0 giant spiked club of freezing
 e - a +1 flail of holy wrath
Missiles
 n - 3 boomerangs (quivered)
 s - 12 stones
Armour
 z - +0 swamp dragon scales (worn)
 C - a +0 cloak (worn)
Jewellery
 o - a ring of fire
 y - a +6 ring of dexterity (left hand)
 A - a ring of positive energy (right hand)
 B - a ring of protection from fire
Wands
 r - a wand of roots (1)
 w - a wand of digging (6)
Scrolls
 f - a scroll of silence
 g - 6 scrolls of teleportation
 k - 2 scrolls of amnesia
 p - a scroll of magic mapping
 D - a scroll of fog {unknown}
Potions
 c - a potion of ambrosia
 d - 3 potions of might
 h - a potion of mutation
 i - a potion of flight {unknown}
 j - a potion of heal wounds {unknown}
 l - a potion of degeneration
 m - 2 potions of brilliance
 q - a potion of haste
 t - 2 potions of lignification {unknown}
 u - a potion of berserk rage {unknown}
 v - 4 potions of curing
 x - 2 potions of attraction {unknown}


   Skills:
 + Level 10.8 Fighting
 + Level 7.2 Maces & Flails
 + Level 6.7 Throwing
 - Level 2.6 Dodging
 - Level 3.0 Shields


You had 8 spell levels left.
You didn't know any spells.
Your spell library contained the following spells:

 Spells                   Type           Power      Damage    Failure   Level
 Shock                    Conj/Air       0%         1d3       52%         1
 Slow                     Hex            0%         N/A       52%         1
 Call Canine Familiar     Summ           0%         N/A       88%         3
 Portal Projectile        Hex/Tloc       0%         N/A       88%         3
 Stone Arrow              Conj/Erth      0%         3d7       88%         3
 Swiftness                Air            0%         N/A       88%         3
 Airstrike                Air            0%         2d(0-16)  99%         4
 Animate Armour           Summ/Erth      0%         N/A       99%         4
 Leda's Liquefaction      Hex/Erth       0%         N/A       99%         4
 Lehudib's Crystal Spear  Conj/Erth      0%         10d2      100%        8


Dungeon Overview and Level Annotations

Branches:
Dungeon (7/15)             Temple (1/1) D:6

Altars:
Ashenzari
Cheibriados
Dithmenos
Elyvilon
Fedhas
Gozag
Hepliaklqana
Kikubaaqudgha
Makhleb
Nemelex Xobeh
Okawaru
Qazlal
Ru
Sif Muna
Trog
Uskayaw
Vehumet
Wu Jian
Yredelemnul
The Shining One

Shops:
D:1 *   D:5 ![

Annotations:
D:3 exclusion: oklob plant
D:7 Joseph


Innate Abilities, Weirdness & Mutations

You are too large for most types of armour.
You have tough skin. (AC +1)


Message History

Okay, then.
Unknown command.
There is a stone staircase leading down here.
There is a stone staircase leading down here.
You now have 332 gold pieces (gained 11).
You now have 337 gold pieces (gained 5).
Joseph, a Mercenary comes into view.
He is wielding a +5 heavy quarterstaff and wearing a +1 ring mail of fire resistance.
Joseph shouts!
Joseph unwields a +5 heavy quarterstaff.
Joseph wields a +0 sling.
Joseph shoots a sling bullet.
The sling bullet hits you!
Aiming: Fastroot
Press: ? - help, Shift-Dir - straight line The roots erupt in riotous growth!
Roots grab Joseph.
The grasping roots constrict Joseph.
The grasping roots constrict Joseph!
The roots release their grip on Joseph.
Joseph says, "It's nothing personal."
Joseph shoots a sling bullet.
The sling bullet hits you!
Joseph shoots a sling bullet.
The sling bullet hits you!
Joseph shoots a sling bullet.
The sling bullet hits you.
Joseph unwields a +0 sling.
Joseph wields a +5 heavy quarterstaff.
Joseph hits you with a +5 heavy quarterstaff!
You puncture Joseph! You burn Joseph.
Joseph is heavily wounded.
Joseph hits you with a +5 heavy quarterstaff!!
* * * LOW HITPOINT WARNING * * *
Okay, then.
Unknown command.
It was a potion of degeneration.
There was something very wrong with that liquid.
You feel weakened.
You feel dopey.
You feel clumsy.
Joseph hits you with a +5 heavy quarterstaff!
* * * LOW HITPOINT WARNING * * *
You barely miss Joseph.
Joseph is heavily wounded.
It was a potion of haste.
You feel yourself speed up.
Cheibriados forgives your accidental hurry, just this once.
Joseph hits you with a +5 heavy quarterstaff!
You die...

#.# #.# #..
#.# #.# #..
#.# #.# ##.
#.#
#.#########.
#.#
#.#.........
#.#
#.#.#.?#..#.
#.#
#.#..#..#..#
#.#
#.#...#..#..
#O#
#...#..#..#.
#@#
##...#..#..#
#.#
#.#........
..#
#.#####....
### #.#
#.### #.#
#.# #.# #.#
#.# #.# #.#
#.#


You could see Joseph.

Vanquished Creatures
  A two-headed ogre (D:6)
  Maggie (D:6)
  Prince Ribbit (D:6)
  Grinder (D:4)
  A water moccasin (D:5)
  2 ice beasts
  An orc warrior (D:6)
  2 ogres
  4 scorpions
  3 hounds
  2 orc priests
  2 gnoll boudas (D:7)
  Jessica (D:3)
  A sleepcap (D:4)
  Terence (D:3)
  2 iguanas
  3 orc wizards (D:6)
  A statue (D:5)
  11 gnolls
  3 adders
  A shadow imp (D:5)
  An ufetubus (D:3)
  3 worms
  11 orcs
  3 ball pythons
  3 bats
  6 endoplasms
  4 giant cockroaches
  4 goblins
  3 hobgoblins
  3 jackals (D:4)
  6 kobolds
  4 quokkas
  2 frilled lizards
  5 rats
103 creatures vanquished.

Notes
Turn   | Place    | Note
-------+----------+-------------------------------------------
     0 | D:1      | Mandevil the Ogre Fighter began the quest for the Orb.
     0 | D:1      | Reached XP level 1. HP: 24/24 MP: 1/1
    64 | D:1      | Reached XP level 2. HP: 33/33 MP: 2/2
   118 | D:1      | Found Culumon's Assorted Antiques.
   340 | D:1      | Reached XP level 3. HP: 38/41 MP: 3/3
   806 | D:2      | Reached skill level 5 in Fighting
  1323 | D:2      | Identified a scroll of acquirement
  1323 | D:2      | Acquired the +3 morningstar "Joukoergh" {flame, rC+ Will+
                  | Str+2}
  1338 | D:3      | Noticed Terence
  1343 | D:3      | Reached XP level 4. HP: 41/50 MP: 4/4
  1347 | D:3      | Killed Terence
  1497 | D:3      | Reached XP level 5. HP: 54/59 MP: 5/5
  1766 | D:3      | Found a faded altar of an unknown god.
  1781 | D:3      | Got Plato's Tractate on Interference
  1808 | D:3      | Found a blossoming altar of Fedhas.
  1808 | D:3      | Noticed Jessica
  1818 | D:3      | Killed Jessica
  1819 | D:3      | Reached skill level 6 in Fighting
  1841 | D:3      | Noticed an oklob plant
  1913 | D:3      | Found a sacrificial altar of Ru.
  1913 | D:3      | Found a hide-covered altar of Uskayaw.
  1917 | D:3      | Found a bloodstained altar of Trog.
  1921 | D:3      | Found a shimmering blue altar of Sif Muna.
  1921 | D:3      | Found an iron altar of Okawaru.
  1924 | D:3      | Found an opulent altar of Gozag.
  1929 | D:3      | Found a basalt altar of Yredelemnul.
  2457 | D:4      | Noticed an ogre
  2457 | D:4      | Noticed Grinder
  2464 | D:4      | Killed an ogre
  2465 | D:4      | Reached skill level 1 in Throwing
  2465 | D:4      | Reached XP level 6. HP: 7/68 MP: 6/6
  2465 | D:4      | HP: 3/68 [jackal (2)]
  2961 | D:4      | Killed Grinder
  2962 | D:4      | Reached skill level 7 in Fighting
  2962 | D:4      | Reached XP level 7. HP: 59/78 MP: 7/7
  3251 | D:5      | Entered Level 5 of the Dungeon
  3354 | D:5      | Found Weni's Armour Boutique.
  3583 | D:5      | Reached skill level 8 in Fighting
  3583 | D:5      | Reached skill level 5 in Maces & Flails
  3603 | D:5      | Found a sparkling altar of Nemelex Xobeh.
  3619 | D:5      | Found Betti's Distillery.
  3627 | D:5      | Reached XP level 8. HP: 69/88 MP: 8/8
  3716 | D:5      | Found Sysuok's General Store.
  3759 | D:5      | Found a stormy altar of Qazlal.
  3820 | D:5      | Found a radiant altar of Vehumet.
  4093 | D:6      | Noticed Maggie
  4097 | D:6      | Found a staircase to the Ecumenical Temple.
  4112 | D:6      | Killed Maggie
  4409 | D:6      | Noticed a two-headed ogre
  4416 | D:6      | Killed a two-headed ogre
  4417 | D:6      | Reached skill level 9 in Fighting
  4417 | D:6      | Reached skill level 5 in Throwing
  4417 | D:6      | Reached XP level 9. HP: 15/101 MP: 9/9
  4417 | D:6      | Noticed Prince Ribbit
  4445 | D:6      | Killed Prince Ribbit
  4446 | D:6      | Reached skill level 10 in Fighting
  5611 | Temple   | Entered the Ecumenical Temple
  5620 | Temple   | Became a worshipper of Cheibriados the Contemplative
  5965 | D:7      | Noticed Joseph
  5974 | D:7      | Slain by Joseph

Illustrated notes

Levels and vault maps discovered:
D:1:      dpeg_arrival_rhombus, layout_rooms, serial_shops, shop,
          minmay_tromino_v4_c
D:2:      layout_loops_ring, minmay_misc_feat_room, kennysheep_generic_room_11
D:3:      layout_loops_ring, tgw_fedhas, nicolae_overflow_hallway_of_the_gods,
          shapermc_ecumenical_altar_rom_forum, supply_closet_lemuel,
          grunt_decor_resistance, palyth_stone_intersect, uniq_jessica,
          uniq_terence
D:4:      layout_cave_pools, uniq_grinder
D:5:      layout_rooms, lemuel_tele_altar, vehumet_statue,
          nemelex_diamond_rough_becter, serial_shops, nicolae_take_the_stairs,
          nicolae_shop_tiny_waterfront, nicolae_square_shop
D:6:      layout_loops_ring, minmay_temple_entry_steel_oval, uniq_maggie,
          uniq_prince_ribbit1
D:7:      layout_loops_ring, minmay_misc_feat_diagonals, uniq_joseph
Temple:   hellmonk_temple_rainy

Skill      XL: |  1  2  3  4  5  6  7  8  9 |
---------------+----------------------------+-----
Maces & Flails | 2 3 4 5 6 7 |  7.2
Fighting       | 5 6 7 8 9 10 | 10.8
Throwing       | 1 2 4 5 6 |  6.7
Dodging        | |  2.6
Shields        | |  3.0

Action                     |  1- 3 |  4- 6 |  7- 9 || total
---------------------------+-------+-------+-------++-------
  Melee: Flail             |    77 |       |       ||    77
         Dagger            |    24 |       |       ||    24
         Morningstar       |     3 |    61 |   141 ||   205
         Punch             |       |       |     1 ||     1
  Throw: Boomerang         |       |     1 |     3 ||     4
  Evoke: Wand              |       |       |     2 ||     2
    Use: Scroll            |     6 |     5 |     7 ||    18
         Potion            |       |     1 |     2 ||     3
 Armour: Robe              |    30 |    21 |     4 ||    55
         Swamp dragon scal |       |       |    33 ||    33
  Dodge: Dodged            |    25 |    34 |    62 ||   121
  Block: Kite shield       |    43 |    27 |    10 ||    80
